 Dungeon Sprint DCSS version 0.32-a0-572-g3e1049bc92 (webtiles) character file.

Game seed: 3777070753772981755

20110 Revguard the Fetichist (level 12, -15/108 HPs)
             Began as a Coglin Gladiator on Mar 1, 2024.
             Was an Elder of Jiyva.
             Hit by a large rock thrown by a stone giant (49 damage)
             ... in the Dungeon (Sprint V: "Ziggurat Sprint").
             The game lasted 00:12:54 (788 turns).

Revguard the Fetichist (Coglin Gladiator)            Turns: 788, Time: 00:12:55

Health: -15/108    AC: 11    Str: 18    XL:     12   Next: 76%
Magic:  12/12      EV: 20    Int: 11    God:    Jiyva [****..]
Gold:   0          SH:  0    Dex: 17    Spells: 11/11 levels left

rFire   . . .        y - +11 Screaming Sword {sonic wave}
rCold   . . .        z - +9 sword of Zonguldrok {reap}
rNeg    + . .        B - +3 troll leather armour "Veaz" {rN+ Regen+ Int+3}
rPois   .            c - +0 helmet
rElec   .            (no cloak)
rCorr   +            C - +0 pair of gloves {Stlth+}
SInv    .            (no boots)
Will    .....        (amulet unavailable)
Stlth   ++           (ring unavailable)
HPRegen 2.46/turn    (ring unavailable)
MPRegen 0.77/turn    (no gizmo)

%: no teleportation, resist mutation
@: mighty, studying Maces & Flails, invisible, revved
A: off-hand wielding, slow wielding, warmup strikes, no jewellery, mutation
resistance 3, jelly absorbing missiles
a: Invent Gizmo, Renounce Religion, Oozemancy, Slimify


You were in the Dungeon.
You worshipped Jiyva.
Jiyva was greatly pleased with you.
You visited 1 branch

Inventory:

Hand Weapons
 a - a +0 long sword {Otto}
 f - a +0 dagger {Niklaus}
 y - the +11 Screaming Sword (weapon) {sonic wave}
   (You found it in the Dungeon)
 z - the +9 sword of Zonguldrok (offhand) {reap}
   (You found it in the Dungeon)
Missiles
 d - 3 throwing nets (quivered)
 e - a javelin
Armour
 b - a +0 leather armour
 c - a +0 helmet (worn)
 x - the +15 Maxwell's patent armour {-Cast -Tele rElec Will+ rCorr}
   (You found it in the Dungeon)

   rElec:     It insulates you from electricity.
   Will+:     It increases your willpower.
   -Cast:     It prevents spellcasting.
   -Tele:     It prevents most forms of teleportation.
   rCorr:     It protects you from acid and corrosion.
 A - +5 gold dragon scales
 B - the +3 troll leather armour "Veaz" (worn) {rN+ Regen+ Int+3}
   (You found it in the Dungeon)

   Int+3:     It affects your intelligence (+3).
   rN+:       It protects you from negative energy.
   Regen+:    It increases your rate of health regeneration.
 C - a +0 pair of gloves of stealth (worn)
Wands
 v - a wand of mindburst (22)
 w - a wand of charming (4)
 E - a wand of flame (23)
Scrolls
 l - 3 scrolls of blinking
 p - 4 scrolls of enchant weapon
 r - 4 scrolls of amnesia
 s - 7 scrolls of fog
 t - 5 scrolls of identify
 u - 2 scrolls of fear
 D - 4 scrolls of enchant armour
Potions
 g - 9 potions of curing
 h - 9 potions of heal wounds
 i - 6 potions of haste
 j - 7 potions of magic
 k - 3 potions of berserk rage
 m - 2 potions of brilliance
 n - a potion of invisibility
 o - 4 potions of resistance
 q - 4 potions of might


   Skills:
 + Level 14.8 Fighting
 + Level 15.4 Long Blades
 - Level 1.7 Throwing
 + Level 13.5 Armour
 + Level 13.8 Dodging
 + Level 18.7 Evocations


You had 11 spell levels left.
You didn't know any spells.
Your spell library contained the following spells:

 Spells                   Type           Power      Damage    Failure   Level
 Apportation              Tloc           0%         N/A       36%         1
 Freeze                   Ice            0%         1d3       36%         1
 Blink                    Tloc           0%         N/A       52%         2
 Jinxbite                 Hex            0%         N/A       52%         2
 Static Discharge         Conj/Air       0%         3-3/arc   52%         2
 Frozen Ramparts          Ice            0%         1d1       75%         3
 Fugue of the Fallen      Necr           0%         N/A       75%         3
 Hailstorm                Conj/Ice       0%         3d5       75%         3
 Inner Flame              Hex/Fire       0%         N/A       75%         3
 Sigil of Binding         Hex            0%         N/A       75%         3
 Swiftness                Air            0%         N/A       75%         3
 Tukima's Dance           Hex            0%         N/A       75%         3
 Volatile Blastmotes      Fire/Tloc      0%         2d10      75%         3
 Airstrike                Air            0%         2d(0-16)  98%         4
 Anguish                  Hex/Necr       0%         N/A       98%         4
 Cause Fear               Hex            0%         N/A       98%         4
 Dimensional Bullseye     Hex/Tloc       0%         N/A       98%         4
 Fulminant Prism          Conj/Alch      0%         3d5       98%         4
 Iskenderun's Mystic Bla  Conj/Tloc      0%         2d3       98%         4
 Summon Lightning Spire   Summ/Air       0%         N/A       98%         4
 Vhi's Electric Charge    Tloc/Air       0%         N/A       98%         4
 Alistair's Intoxication  Alch           0%         N/A       100%        5
 Arcjolt                  Conj/Air       0%         1d10      100%        5
 Freezing Cloud           Conj/Ice/Air   0%         6-21      100%        5
 Irradiate                Conj/Alch      0%         3d11      100%        5
 Plasma Beam              Fire/Air       0%         2x1d10    100%        6
 Enfeeble                 Hex            0%         N/A       100%        7
 Ozocubu's Refrigeration  Ice            0%         4d7       100%        7
 Discord                  Hex            0%         N/A       100%        8
 Ignition                 Fire           0%         3d3       100%        8


Dungeon Overview and Level Annotations

Branches:
Dungeon (1/1)

Altars:
Ashenzari
Cheibriados
Dithmenos
Elyvilon
Fedhas
Gozag
Hepliaklqana
Kikubaaqudgha
Makhleb
Nemelex Xobeh
Okawaru
Qazlal
Ru
Sif Muna
Trog
Uskayaw
Vehumet
Wu Jian
Xom
Yredelemnul
Zin
The Shining One
Beogh
Jiyva
Lugonu


Innate Abilities, Weirdness & Mutations

You can wield a second weapon in your off-hand.
It takes a long time for you to wield or remove held weapons.
Your first few attacks do less damage.
You cannot equip rings or amulets.
You are almost entirely resistant to further mutation and mutation removal.
You have a small jelly attached to you that may absorb projectiles.


Message History

The crystal guardian is heavily damaged.
You slice the crystal guardian with the +9 sword of Zonguldrok!!
The crystal guardian hits you! The stone giant misses you.
You hit the crystal guardian with the +9 sword of Zonguldrok.
The crystal guardian is almost destroyed.
You cut the crystal guardian into ribbons with the +11 Screaming Sword!!!
You destroy the crystal guardian!
The stone giant throws a large rock.
The large rock hits the iron golem!!
You slice the crystal guardian with the +9 sword of Zonguldrok!!
The crystal guardian is heavily damaged.
You slash the crystal guardian with the +11 Screaming Sword!
The Screaming Sword screams, "SLASH 'EM!
SLASH 'EM ALL!"
You send a blast of sound all around you.
The iron golem is lightly damaged.
The stone giant is lightly wounded.
The crystal guardian is almost destroyed.
The stone giant is lightly wounded.
The stone giant is moderately wounded.
The iron golem is lightly damaged.
The crystal guardian fires a shard of itself at you.
The crystallizing shot hits you!!
The stone giant throws a large rock.
The large rock hits the iron golem!
You slice the crystal guardian with the +9 sword of Zonguldrok!!
You destroy the crystal guardian!
Unknown command.
You catch the helpless stone giant completely off-guard!
You hit the stone giant with the +9 sword of Zonguldrok.
The stone giant is moderately wounded.
You slice the stone giant with the +11 Screaming Sword!!
The Screaming Sword shrieks, "ENCORE!
ENCORE!
ENCORE!"
You send a blast of sound all around you.
The iron golem is moderately damaged.
The stone giant is heavily wounded.
The earth elemental is lightly damaged.
The stone giant is severely wounded.
The earth elemental is heavily damaged.
The iron golem is lightly damaged.
The stone giant hits you!!
The stone giant throws a large rock.
The large rock hits you!!!
You die...
Jiyva sends a jelly to digest your remains.

▓...[|"|)[..▓...©...
▓.....E.....▓▓▓▓▓▓▓▓
▓...9E......▓...ß©ß.
▓...9E).....▓..)=)..
▓.....C.....▓.....=.
▓. ▓.EC..▓ ▓.....†.
▓E▓▓▓.9.▓▓ ▓.......
▓..▓.99..▓..▓.......
▓..@C.©.....▓...†...
▓▓▓▓▓▓▓▓▓▓▓▓▓.......
▓....ß©ß....▓....©..
▓...)=".==..▓▓▓▓▓▓▓▓
▓.....)|....▓...ß©ß.
▓...........▓....=.[
▓..)........▓...[)).
▓...........▓.......
▓...........▓...†.†.


You could see 3 iron golems, 3 stone giants and 2 earth elementals.

Vanquished Creatures
  A stone giant (D)
  2 crystal guardians (D)
  3 starcursed masses (D)
  3 two-headed ogres (D)
  2 vampire magi (D)
  A skeletal warrior (D)
  2 necromancers (D)
  4 draconians (D)
  A cyclops (D)
  4 wolf spiders (D)
  A smoke demon (D)
  2 cane toads (D)
  3 rime drakes (D)
  2 komodo dragons (D)
  7 merfolk (D)
  2 tarantellas (D)
  4 trolls (D)
  2 blink frogs (D)
  2 wind drakes (D)
  A raiju (D)
  2 jumping spiders (D)
  A shadow (D)
  3 fire elementals (D)
  A wyvern (D)
  A steam dragon (D)
  3 redbacks (D)
  A water moccasin (D)
  A hell hound (D)
  4 centaurs (D)
  2 ogres (D)
  A wolf (D)
  2 bullfrogs (D)
  A brain worm (D)
  4 scorpions (D)
  2 wights (D)
  A raiju zombie (D)
  A quasit (D)
  3 adders (D)
  An adder zombie (D)
  2 ball pythons (D)
  A ball python zombie (D)
  A quokka skeleton (D)
88 creatures vanquished.

Vanquished Creatures (collateral kills)
  A cyclops (D)
  An ufetubus (D)
2 creatures vanquished.

Vanquished Creatures (others)
  2 shard shrikes (shapeshifter) (D)
  2 titans (shapeshifter) (D)
  2 shock serpents (shapeshifter) (D)
  A fire crab (shapeshifter) (D)
  A goliath frog (shapeshifter) (D)
  A death drake (shapeshifter) (D)
  A mana viper (shapeshifter) (D)
  A swamp dragon (shapeshifter) (D)
  2 harpies (shapeshifter) (D)
  A wolf spider (shapeshifter) (D)
  A shining eye (shapeshifter) (D)
  A salamander (shapeshifter) (D)
  A meliai (shapeshifter) (D)
  A black mamba (shapeshifter) (D)
  A cane toad (shapeshifter) (D)
  A gargoyle (D)
  A torpor snail (shapeshifter) (D)
  A troll (shapeshifter) (D)
  A merfolk (D)
  A merfolk (shapeshifter) (D)
  A queen bee (shapeshifter) (D)
  A polar bear (shapeshifter) (D)
  A dream sheep (shapeshifter) (D)
  A snapping turtle (shapeshifter) (D)
  A jumping spider (shapeshifter) (D)
  A spriggan (shapeshifter) (D)
  A wind drake zombie (D)
  A yak (shapeshifter) (D)
  A fire bat (shapeshifter) (D)
  4 swamp worms (shapeshifter) (D)
  2 acid dragons (shapeshifter) (D)
  A merfolk zombie (D)
  A water moccasin (shapeshifter) (D)
  An ice beast (shapeshifter) (D)
  A sky beast (shapeshifter) (D)
  A centaur (D)
  A rime drake zombie (D)
  A cyclops zombie (D)
  2 troll zombies (D)
  3 jellies (D)
  An ufetubus (D)
  A ball python (D)
53 creatures vanquished.

Grand Total: 143 creatures vanquished

Notes
Turn   | Place    | Note
-------+----------+-------------------------------------------
     0 | D        | Revguard the Coglin Gladiator began the quest for the Orb.
     0 | D        | Reached XP level 1. HP: 16/16 MP: 1/1
     4 | D        | Found a shimmering blue altar of Sif Muna.
     4 | D        | Found a bloodstained altar of Trog.
     4 | D        | Found a sacrificial altar of Ru.
     4 | D        | Found a stormy altar of Qazlal.
     4 | D        | Found an iron altar of Okawaru.
     5 | D        | Found a sparkling altar of Nemelex Xobeh.
     5 | D        | Found a blossoming altar of Fedhas.
     5 | D        | Found the +6 Majin-Bo {spellvamp, MP+6 Int+6}
     5 | D        | Found the +27 heavy crossbow "Sniper" {heavy, Acc+∞ SInv}
     5 | D        | Found the +10 dark maul {heavy}
     5 | D        | Found the +15 Maxwell's patent armour {-Cast -Tele rElec
                  | Will+ rCorr}
     5 | D        | Found the +18 shield of the Gong {Loud rN+ Will+ rCorr
                  | EV-5}
     5 | D        | Found the +16 obsidian axe {drain, demonic, Mesm ^Drain Fly
                  | SInv}
     5 | D        | Found the +7 great mace "Firestarter" {flame, immolate,
                  | rFlCloud rF++}
     5 | D        | Found the +6 shillelagh "Devastator" {shatter}
     5 | D        | Found the +11 plutonium sword {^Contam Stlth-}
     5 | D        | Found the +8 lance "Wyrmbane" {slay drac, rPois rF+ rC+
                  | AC+3}
     5 | D        | Found the +9 sword of Zonguldrok {reap}
     5 | D        | Found the +13 scythe of Curses {drain, curses, ^Drain}
     5 | D        | Found the +9 sword of Power {lifebolt}
     5 | D        | Found the +7 mace of Variability {chaos, chaos arc}
     5 | D        | Found the +11 Singing Sword {sonic wave}
     5 | D        | Found the +8 storm bow {elec, penet}
     7 | D        | Found a transporter.
     7 | D        | Found an ancient bone altar of Kikubaaqudgha.
     7 | D        | Found a viscous altar of Jiyva.
     7 | D        | Found a corrupted altar of Lugonu.
     7 | D        | Found a hazy altar of Hepliaklqana.
     7 | D        | Found a burning altar of Makhleb.
     7 | D        | Found an opulent altar of Gozag.
    92 | D        | Became a worshipper of Jiyva Jaos the Shapeless
    92 | D        | Killed a yak
    92 | D        | Killed a fire crab
    93 | D        | Killed a torpor snail
    94 | D        | Killed a sky beast
    94 | D        | Killed a spriggan
    96 | D        | Killed a shock serpent
    96 | D        | Killed a dream sheep
    96 | D        | Killed a shining eye
    96 | D        | Killed a water moccasin
    96 | D        | Killed a snapping turtle
    97 | D        | Entered arena 2.
    97 | D        | Found the +10 morningstar "Eos" {elec, Halo rElec}
    97 | D        | Noticed a quasit
    97 | D        | Noticed a hell hound
    97 | D        | Found a transporter.
    99 | D        | Killed a quasit
    99 | D        | Killed a hell hound
    99 | D        | Killed a queen bee
   100 | D        | Reached skill level 5 in Long Blades
   100 | D        | Reached skill level 5 in Evocations
   100 | D        | Reached XP level 2. HP: 26/26 MP: 2/2
   100 | D        | Reached XP level 3. HP: 31/31 MP: 3/3
   100 | D        | Reached XP level 4. HP: 38/38 MP: 4/4
   100 | D        | Reached XP level 5. HP: 43/43 MP: 5/5
   100 | D        | Killed a polar bear
   101 | D        | Killed a salamander
   101 | D        | Killed a swamp dragon
   101 | D        | Killed a harpy
   101 | D        | Killed a jumping spider
   102 | D        | Killed a mana viper
   102 | D        | Killed a fire bat
   102 | D        | Killed a cane toad
   103 | D        | Killed a harpy
   103 | D        | Killed an ice beast
   104 | D        | Killed a troll
   104 | D        | Killed a shock serpent
   105 | D        | Killed a titan
   105 | D        | Killed a swamp worm
   107 | D        | Killed a death drake
   108 | D        | Entered arena 3.
   108 | D        | Noticed a fire elemental
   108 | D        | Noticed a fire elemental
   108 | D        | Noticed a fire elemental
   108 | D        | Killed a shard shrike
   108 | D        | Killed a merfolk
   108 | D        | Killed a black mamba
   108 | D        | Found a transporter.
   109 | D        | Killed a shard shrike
   110 | D        | Killed a goliath frog
   110 | D        | Killed a wolf spider
   110 | D        | Killed an acid dragon
   110 | D        | Killed a swamp worm
   111 | D        | Killed a titan
   112 | D        | Killed a fire elemental
   113 | D        | Reached skill level 5 in Fighting
   113 | D        | Reached skill level 5 in Dodging
   113 | D        | Reached skill level 7 in Evocations
   113 | D        | Reached XP level 6. HP: 4/52 MP: 6/6
   113 | D        | Killed an acid dragon
   114 | D        | Killed a fire elemental
   114 | D        | Killed a swamp worm
   115 | D        | Reached skill level 5 in Armour
   115 | D        | Reached skill level 8 in Evocations
   115 | D        | Killed a fire elemental
   116 | D        | Reached XP level 7. HP: 20/60 MP: 7/7
   116 | D        | Killed a meliai
   125 | D        | Reached skill level 9 in Evocations
   125 | D        | Reached XP level 8. HP: 25/68 MP: 8/8
   262 | D        | Entered arena 4.
   262 | D        | Noticed a draconian
   262 | D        | Noticed a draconian
   262 | D        | Noticed a draconian
   262 | D        | Noticed a draconian
   262 | D        | Reached * piety under Jiyva
   262 | D        | Found a transporter.
   266 | D        | Killed a draconian
   267 | D        | Reached skill level 10 in Evocations
   267 | D        | Killed a draconian
   268 | D        | Reached skill level 10 in Long Blades
   268 | D        | Reached skill level 11 in Evocations
   268 | D        | Reached XP level 9. HP: 74/76 MP: 9/9
   270 | D        | Killed a draconian
   275 | D        | Killed a draconian
   276 | D        | Reached skill level 12 in Evocations
   290 | D        | Entered arena 5.
   290 | D        | Noticed a rime drake
   290 | D        | Noticed a rime drake
   290 | D        | Noticed a rime drake
   290 | D        | Found a transporter.
   292 | D        | Killed a rime drake
   293 | D        | Reached skill level 10 in Fighting
   294 | D        | Killed a rime drake
   297 | D        | Killed a rime drake
   298 | D        | Reached skill level 13 in Evocations
   298 | D        | Reached XP level 10. HP: 45/86 MP: 10/10
   337 | D        | Entered arena 6.
   337 | D        | Found the +3 greatsling "Punk" {acid, rCorr}
   337 | D        | Found a transporter.
   357 | D        | Entered arena 7.
   357 | D        | Noticed a smoke demon
   357 | D        | Noticed a starcursed mass
   357 | D        | Reached ** piety under Jiyva
   358 | D        | Found a transporter.
   364 | D        | Killed a smoke demon
   365 | D        | Reached skill level 10 in Dodging
   369 | D        | Killed a starcursed mass
   370 | D        | Killed a starcursed mass
   371 | D        | Reached skill level 10 in Armour
   389 | D        | Entered arena 8.
   390 | D        | Found a transporter.
   397 | D        | Reached skill level 14 in Evocations
   448 | D        | Entered arena 9.
   448 | D        | Noticed a wolf spider
   448 | D        | Reached *** piety under Jiyva
   449 | D        | Found a transporter.
   453 | D        | Killed a wolf spider
   457 | D        | Reached XP level 11. HP: 72/95 MP: 11/11
   468 | D        | Got the Thoughts on Mortal Imprecation
   477 | D        | Entered arena 10.
   477 | D        | Noticed a wolf spider
   477 | D        | Noticed a wolf spider
   477 | D        | Noticed a wolf spider
   477 | D        | Gained mutation: You are somewhat resistant to further
                  | mutation. [Jiyva's grace]
   477 | D        | Gained mutation: You are somewhat resistant to both further
                  | mutation and mutation removal. [Jiyva's grace]
   477 | D        | Gained mutation: You are almost entirely resistant to
                  | further mutation and mutation removal. [Jiyva's grace]
   477 | D        | Gained mutation: You have a small jelly attached to you
                  | that may absorb projectiles. [Jiyva's grace]
   478 | D        | Found a transporter.
   482 | D        | Killed a wolf spider
   483 | D        | Reached skill level 15 in Evocations
   488 | D        | Killed a wolf spider
   489 | D        | Killed a wolf spider
   499 | D        | Got the +3 troll leather armour "Veaz" {rN+ Regen+ Int+3}
   591 | D        | Entered arena 11.
   592 | D        | Found a transporter.
   592 | D        | Reached **** piety under Jiyva
   612 | D        | Reached skill level 16 in Evocations
   619 | D        | Got the Incunabulum of the Turbulent Vertex
   639 | D        | Entered arena 12.
   639 | D        | Noticed a skeletal warrior
   639 | D        | Noticed a necromancer
   640 | D        | Noticed a vampire mage
   640 | D        | Noticed a vampire mage
   640 | D        | Noticed a necromancer
   641 | D        | Found a transporter.
   643 | D        | Killed a necromancer
   650 | D        | Killed a vampire mage
   651 | D        | Killed a necromancer
   653 | D        | Killed a vampire mage
   653 | D        | Killed a skeletal warrior
   680 | D        | Entered arena 13.
   682 | D        | Found a transporter.
   687 | D        | Reached skill level 17 in Evocations
   687 | D        | Reached XP level 12. HP: 105/105 MP: 12/12
   697 | D        | Got Homezopt's Secrets of the Spellbinding Winter
   717 | D        | Entered arena 14.
   718 | D        | Noticed a two-headed ogre
   718 | D        | Noticed a two-headed ogre
   718 | D        | Noticed a two-headed ogre
   719 | D        | Noticed a stone giant
   720 | D        | Found a transporter.
   726 | D        | Killed a two-headed ogre
   729 | D        | Killed a two-headed ogre
   731 | D        | Killed a two-headed ogre
   732 | D        | Reached skill level 18 in Evocations
   740 | D        | Killed a stone giant
   741 | D        | Reached skill level 15 in Long Blades
   761 | D        | Got the Folio of Gelid Glamour
   771 | D        | Entered arena 15.
   772 | D        | Noticed an iron golem
   772 | D        | Noticed a stone giant
   772 | D        | Noticed an iron golem
   772 | D        | Noticed a crystal guardian
   772 | D        | Noticed a crystal guardian
   772 | D        | Noticed a stone giant
   772 | D        | Noticed a stone giant
   773 | D        | Noticed an iron golem
   773 | D        | Noticed an iron golem
   785 | D        | Killed a crystal guardian
   787 | D        | Killed a crystal guardian
   788 | D        | Hit by a large rock thrown by a stone giant

Illustrated notes

Levels and vault maps discovered:
D:        sprint_v [room_start, room_1, room_2, room_3, room_4, room_5, room_6,
          room_7, room_8, room_9, room_10, room_11, room_12, room_13, room_14,
          room_15, room_16, room_17, room_18, room_19, room_20, room_21,
          room_22, room_23, room_24, room_25, room_26, room_27]

Skill      XL: |  1  2  3  4  5  6  7  8  9 10 11 12 |
---------------+-------------------------------------+-----
Fighting       | 4 5 7 9 10 11 13 14 | 14.8
Long Blades    | 5 6 7 9 10 11 12 14 15 | 15.4
Armour         | 3 4 6 7 9 10 12 13 | 13.5
Dodging        | 4 5 6 7 8 9 11 12 13 | 13.8
Evocations     | 5 7 8 9 11 13 14 17 18 | 18.7
Throwing       | |  1.7

Action                     |  1- 3 |  4- 6 |  7- 9 | 10-12 || total
---------------------------+-------+-------+-------+-------++-------
  Melee: Double sword      |     2 |     8 |    23 |   129 ||   162
  Evoke: Wand              |       |       |     5 |    11 ||    16
    Use: Potion            |       |     1 |     1 |     7 ||     9
         Scroll            |       |       |       |     1 ||     1
   Stab: Distracted        |       |       |       |     1 ||     1
         Invisible         |       |       |       |     1 ||     1
 Armour: Gold dragon scale |       |    30 |    20 |   106 ||   156
         Troll leather arm |       |       |       |    54 ||    54
  Dodge: Dodged            |       |     1 |     3 |   105 ||   109

Table legend: (Time is in decaauts)
 A = Elapsed time spent in this place.
 B = Non-inter-level travel time spent in this place.
 C = Inter-level travel time spent in this place.
 D = Time resting spent in this place.
 E = Time spent auto-exploring this place.
 F = Levels seen in this place.
 G = Mean time per level.
                   A        B        C        D        E       F      G
               +--------+--------+--------+--------+--------+-----+--------+
         Total |    776 |    776 |      0 |    307 |      0 |   1 |  776.0 |
       Dungeon |    776 |    776 |      0 |    307 |      0 |   1 |  776.0 |
               +--------+--------+--------+--------+--------+-----+--------+

Top non-repeatable levels by time:
       D: 776 daAuts
